 Dungeon Crawl Stone Soup version 0.17.1-2-g5865329 (webtiles) character file.

28 ololoev the Skirmisher (level 3, 0/29 HPs)
             Began as a Demonspawn Fighter on Jan 25, 2016.
             Slain by a hobgoblin (1 damage)
             ... on level 3 of the Dungeon.
             The game lasted 00:01:55 (361 turns).

ololoev the Skirmisher (Demonspawn Fighter)          Turns: 361, Time: 00:01:55

Health: 0/29       AC:  7    Str: 17    XL:     3   Next: 0%
Magic:  3/3        EV:  6    Int:  9    God:
Gold:   70         SH:  8    Dex: 12    Spells: 0 memorised, 2 levels left

rFire  . . .     SeeInvis .     a - +0 war axe
rCold  . . .     Clarity  .     b - +0 scale mail
rNeg   . . .     SustAt   .     c - +0 shield
rPois  .         Gourm    .     (helmet restricted)
rElec  .         Spirit   .     (no cloak)
rCorr  .         Warding  .     (no gloves)
rMut   .         Stasis   .     g - +0 pair of boots
MR     .....                    (no amulet)
Stlth  ..........               (no ring)
                                (no ring)

@: not resistant to hostile enchantments, extremely unstealthy
A: horns 2
a: no special abilities


Innate Abilities, Weirdness & Mutations

You have a pair of horns on your head.

Inventory:

Hand Weapons
 a - a +0 war axe (weapon)
Armour
 b - a +0 scale mail (worn)
 c - a +0 shield (worn)
 g - a +0 pair of boots (worn)
Scrolls
 i - a scroll of enchant armour {unknown}
 k - a scroll of random uselessness {unknown}
 l - a scroll of identify {unknown}
 m - a scroll of teleportation {unknown}
Potions
 d - a potion of might
 h - a potion of heal wounds {unknown}
 j - a potion of invisibility {unknown}
 o - a potion of lignification {unknown}
 p - a potion of ambrosia {unknown}
Comestibles
 e - a bread ration
 f - a meat ration
 n - a chunk of flesh


   Skills:
 - Level 3.0 Fighting
 * Level 2.9 Axes
 + Level 3.0 Armour
 - Level 2.6 Shields


You had 2 spell levels left.
You didn't know any spells.


You were on level 3 of the Dungeon.
You were not hungry.

You visited 1 branch of the dungeon, and saw 3 of its levels.

You collected 70 gold pieces.

...######......##.....%..
.. #.......#........
#.....#.#........
.......#..........
.....#####.(....... .....
#............ ...
#.##..######. ##
#.K.†>.....+ ##g@########
.......K.......
...............
≈.≈...≈....≈≈≈.
≈≈≈≈≈≈.....≈≈≈≈
≈≈≈≈≈≈......≈≈≈
≈≈≈≈≈≈.....≈≈≈≈
########++#####

Notes
Turn   | Place    | Note
--------------------------------------------------------------
     0 | D:1      | ololoev the Demonspawn Fighter began the quest for the Orb.
     0 | D:1      | Reached XP level 1. HP: 18/18 MP: 1/1
   251 | D:2      | Gained mutation: You have a pair of small horns on your head. [demonic ancestry]
   251 | D:2      | Reached XP level 2. HP: 16/24 MP: 2/2
   359 | D:3      | Gained mutation: You have a pair of horns on your head. [demonic ancestry]
   359 | D:3      | Reached XP level 3. HP: 2/29 MP: 3/3
   360 | D:3      | HP: 1/29 [kobold (1)]
   361 | D:3      | Slain by a hobgoblin

Dungeon Overview and Level Annotations

Branches:
Dungeon (3/15)

Altars:


Message History

The kobold shouts!
The bat hits you but does no damage. You block the bat's attack.
The hobgoblin hits you.
You are too injured to fight recklessly!
Unknown command.
You slash the bat!
You kill the bat!
You hit the hobgoblin but do no damage. The bat hits you.
The hobgoblin hits you but does no damage.
Unknown command.
The bat hits you but does no damage. The kobold hits you.
The hobgoblin hits you. The kobold hits you but does no damage.
Unknown command.
You closely miss the kobold. You hit the bat.
You kill the bat!
You have reached level 3!
Your experience leads to an increase in your attributes!
Increase (S)trength, (I)ntelligence, or (D)exterity?
You feel stronger.
Your demonic ancestry asserts itself...
The horns on your head grow some more.
Your shield and scale mail prevent you from hitting the kobold.
You hit the hobgoblin.
The hobgoblin is moderately wounded.
The kobold hits you but does no damage.
The hobgoblin hits you but does no damage.
The kobold hits you. The kobold hits you but does no damage.
The hobgoblin barely misses you.
Your shield prevents you from hitting the kobold.
You closely miss the kobold. You hit the hobgoblin but do no damage.
The hobgoblin is moderately wounded.
You block the kobold's attack.
The hobgoblin hits you but does no damage.
The kobold hits you but does no damage. The kobold hits you.
Unknown command.
Unknown command.
You closely miss the kobold. You barely miss the hobgoblin.
The hobgoblin is moderately wounded.
You closely miss the kobold. The kobold hits you but does no damage.
The hobgoblin hits you.
You die...

You could see a hobgoblin and 2 kobolds.

Vanquished Creatures
  An adder (D:2)
  A worm (D:3)
  5 bats
  A hobgoblin (D:2)
  4 kobolds
  A quokka (D:3)
  2 giant newts (D:1)
  3 rats
18 creatures vanquished.

Action                   || total
-------------------------++-------
Melee: War axe           ||    43

Vault maps used:
D:1:      lightli_arrival_farm, st_stairs_4
D:2:      first_bread
D:3:      minmay_goblin_kobold_castle, uniq_iyjb
